 Dungeon Crawl Stone Soup version 0.28.0-53-g5a82cb258f (webtiles) character file.

Game seed: 10839453382892493907

147 Gabide the Poker (level 5, -3/42 HPs)
             Began as a Human Monk on June 1, 2022.
             Slain by an iguana (11 damage)
             ... on level 2 of the Dungeon.
             The game lasted 00:02:31 (2729 turns).

Gabide the Poker (Human Monk)                       Turns: 2729, Time: 00:02:32

Health: -3/42      AC:  3    Str: 11    XL:     5   Next: 55%
Magic:  5/5        EV: 14    Int: 10    God:
Gold:   55         SH:  0    Dex: 18    Spells: 4/4 levels left

rFire   . . .      SeeInvis .   a - +0 spear
rCold   . . .      Faith    .   (no shield)
rNeg    . . .      Spirit   .   b - +0 robe
rPois   .          Reflect  .   e - +0 helmet
rElec   .          Harm     .   d - scarf {shadows}
rCorr   .          Rampage  .   (no gloves)
Will    .....                   (no boots)
Stlth   ++........              g - amulet of magic regeneration
HPRegen 0.14/turn               (no ring)
MPRegen 0.49/turn               (no ring)

@: no status effects
A: no striking features
a: no special abilities


You were on level 2 of the Dungeon.
You visited 1 branch of the dungeon, and saw 2 of its levels.

You collected 55 gold pieces.

Inventory:

Hand Weapons
 a - a +0 spear (weapon)
Missiles
 h - 4 boomerangs (quivered)
Armour
 b - a +0 robe (worn)
 d - a scarf of shadows (worn)
 e - a +0 helmet (worn)
Jewellery
 g - an amulet of magic regeneration (around neck)
Scrolls
 c - a scroll of silence
 j - a scroll of summoning {unknown}
 k - a scroll of immolation {unknown}
Potions
 f - a potion of mutation


   Skills:
 + Level 4.1 Fighting
 + Level 4.1 Polearms
 + Level 4.1 Dodging
 - Level 2.0 Stealth


You had 4 spell levels left.
You didn't know any spells.
Your spell library was empty.

Dungeon Overview and Level Annotations

Branches:
Dungeon (2/15)

Altars:


Message History

The helpless iguana fails to defend itself.
You puncture the iguana!
The iguana is heavily wounded.
You hit the iguana.
The iguana is severely wounded.
The iguana misses you.
You closely miss the iguana.
The iguana is severely wounded.
The iguana bites you!
You hit the iguana.
The iguana is severely wounded.
The iguana barely misses you.
You hit the iguana.
The iguana is almost dead.
The iguana bites you but does no damage.
You hit the iguana.
The iguana is almost dead.
You hit the iguana but do no damage.
The iguana is almost dead.
The iguana bites you.
You barely miss the iguana.
The iguana is almost dead.
The iguana barely misses you.
You hit the iguana but do no damage.
The iguana is almost dead.
The iguana bites you!
You are too injured to fight recklessly!
You are too injured to fight recklessly!
An iguana is nearby!
You hit the iguana but do no damage.
The iguana is almost dead.
The iguana closely misses you.
You hit the iguana but do no damage.
The iguana is almost dead.
The iguana bites you!
* * * LOW HITPOINT WARNING * * *
You barely miss the iguana.
The iguana is almost dead.
The iguana bites you!
You die...

## #. #..# ..
#. ##..#.. #.
#...#. ##
#.... # #
...# ## #.
#l.# #. #..
#@# #.
#...##.####..
##
.............
#
#.####.#....#
# #.#.####
#.# # #.# #
#.#. # #.#.#
#


You could see an iguana.

Vanquished Creatures
  Natasha (thrice) (D:2)
  3 adders (D:2)
  2 dart slugs (D:1)
  2 worms (D:2)
  A bat (D:2)
  2 endoplasms (D:2)
  A giant cockroach (D:1)
  3 goblins
  7 hobgoblins
  2 jackals (D:2)
  2 quokkas
  4 ball pythons
  2 frilled lizards
  2 kobolds
  3 rats
39 creatures vanquished.

Vanquished Creatures (others)
  A fungus (D:2)
  3 plants (D:2)
4 creatures vanquished.

Grand Total: 43 creatures vanquished

Notes
Turn   | Place    | Note
-------+----------+-------------------------------------------
     0 | D:1      | Gabide the Human Monk began the quest for the Orb.
     0 | D:1      | Reached XP level 1. HP: 18/18 MP: 1/1
    98 | D:1      | Reached XP level 2. HP: 21/24 MP: 2/2
  1064 | D:1      | Reached XP level 3. HP: 29/29 MP: 3/3
  1430 | D:2      | Noticed Natasha
  1441 | D:2      | Killed Natasha
  1442 | D:2      | Reached XP level 4. HP: 16/36 MP: 4/4
  1762 | D:2      | Noticed Natasha
  1811 | D:2      | Killed Natasha
  1812 | D:2      | Reached XP level 5. HP: 8/42 MP: 5/5
  2399 | D:2      | Noticed Natasha
  2423 | D:2      | Killed Natasha
  2681 | D:2      | Found a faded altar of an unknown god.
  2729 | D:2      | Slain by an iguana

Illustrated notes

Levels and vault maps discovered:
D:1:      mrwooster_arrival_statue_2, layout_basic
D:2:      minmay_razor_zed, layout_loops_ring,
          shapermc_ecumenical_altar_acropolis, uniq_natasha, uniq_jessica

Skill      XL: |  1  2  3  4  5 |
---------------+----------------+-----
Dodging        | 4 |  4.1
Polearms       | 4 |  4.1
Fighting       | 4 |  4.1
Stealth        | |  2.0

Action                   |  1- 3 |  4- 6 || total
-------------------------+-------+-------++-------
Melee: Spear             |    84 |   132 ||   216
  Use: Scroll            |     2 |     1 ||     3
       Potion            |     1 |     1 ||     2
 Stab: Sleeping          |     5 |     3 ||     8
Armor: Robe              |     2 |    16 ||    18
Dodge: Dodged            |    48 |    72 ||   120
